 Dungeon Crawl Stone Soup version 0.29-a0-483-g69413ace17 (webtiles) character file.

Game seed: 10823092041835972489

163 avis the Ruffian (level 5, 0/53 HPs)
             Began as an Ogre Transmuter on May 26, 2022.
             Killed by divine providence
             ... invoked by an orc priest
              (12 damage)
             ... on level 3 of the Dungeon.
             The game lasted 00:12:05 (2951 turns).

avis the Ruffian (Ogre Transmuter)                  Turns: 2951, Time: 00:12:05

Health: 0/53       AC:  2    Str: 14    XL:     5   Next: 44%
Magic:  4/9        EV: 23    Int: 14    God:
Gold:   177        SH:  0    Dex: 16    Spells: 6/10 levels left

rFire   . . .      SeeInvis .     - Unarmed
rCold   . . .      Faith    .   (shield currently unavailable)
rNeg    + . .      Spirit   .   (body armour currently unavailable)
rPois   x          Reflect  .   (helmet currently unavailable)
rElec   .          Harm     .   (cloak currently unavailable)
rCorr   +          Rampage  .   (gloves unavailable)
Will    .....                   (boots unavailable)
Stlth   ++........              (no amulet)
HPRegen 0.17/turn               i - ring of positive energy
MPRegen 0.11/turn               s - ring "Seimeol" {rCorr EV+4 Stlth+}

@: spider-form (expiring)
A: venomous fangs, tiny, unfitting armour, (tough skin 1)
a: End Transformation


You were on level 3 of the Dungeon.
You were a venomous arachnid creature.
You visited 1 branch of the dungeon, and saw 3 of its levels.

You collected 177 gold pieces.

Inventory:

Hand Weapons
 u - a +0 spear
Missiles
 d - 57 stones
 p - 3 atropa-tipped darts
 t - 5 poisoned darts
Armour
 a - a +0 robe (melded)
Jewellery
 i - a ring of positive energy (left front leg)
 s - the ring "Seimeol" (right front leg) {rCorr EV+4 Stlth+}
   (You found it on level 3 of the Dungeon)

   [ring of evasion]

   EV:        It affects your evasion (+4).
   rCorr:     It protects you from acid and corrosion.
   Stlth:     It makes you more stealthy.
Scrolls
 c - a scroll of summoning {unknown}
 f - a scroll of noise {unknown}
 g - 4 scrolls of immolation {unknown}
 h - 3 scrolls of fear {unknown}
 j - 2 scrolls of fog {unknown}
 l - a scroll of identify {unknown}
 m - a scroll of teleportation {unknown}
 n - a scroll of magic mapping {unknown}
 o - a scroll of enchant armour {unknown}
 q - 2 scrolls of blinking {unknown}
Potions
 b - a potion of lignification
 e - a potion of invisibility {unknown}
 k - 2 potions of berserk rage {unknown}
 r - a potion of attraction {unknown}


   Skills:
 - Level 3.0 Fighting
 - Level 2.0 Dodging
 * Level 4.6 Unarmed Combat
 - Level 3.0 Spellcasting
 - Level 2.0 Transmutations


You had 6 spell levels left.
You knew the following spells:

 Your Spells              Type           Power      Damage    Failure   Level
a - Beastly Appendage     Tmut           14%        N/A       24%         1
b - Spider Form           Tmut/Pois      4%         N/A       61%         3

Your spell library contained the following spells:

 Spells                   Type           Power      Damage    Failure   Level
 Wereblood                Tmut           7%         N/A       32%         2
 Confusing Touch          Hex            2%         N/A       75%         3
 Ice Form                 Ice/Tmut       4%         N/A       92%         4
 Yara's Violent Unravell  Hex/Tmut       2%         3d3       99%         5
 Enfeeble                 Hex            1%         N/A       100%        7


Dungeon Overview and Level Annotations

Branches:
Dungeon (3/15)

Altars:
Elyvilon


Innate Abilities, Weirdness & Mutations

You are a venomous arachnid creature.
You have poisonous fangs.
You are tiny and dextrous.
Your spellcasting is less reliable in this form.
Your armour is entirely melded.
You are incapable of wielding weapons or throwing items.
You are too large for most types of armour.
((You have tough skin. (AC +1)))


Message History

You barely miss the orc. The orc completely misses you.
You hit the orc.
The orc is poisoned.
The orc is lightly wounded.
The orc hits you with a +0 flail.
The rat twitches its whiskers.
You hit the orc.
The orc looks as sick as possible!
The orc is severely wounded.
You kill the orc!
You bite the orc!
You kill the orc!
You hit the rat.
You kill the rat!
The orc priest looks braver for a moment.
The orc priest calls upon Beogh to heal the orc priest.
The orc priest is healed somewhat.
You hit the orc priest.
The orc priest is poisoned.
The orc priest is heavily wounded.
You bite the orc priest!
You kill the orc priest!
Your transformation has ended.
Your +0 robe unmelds from your body.
The orc priest invokes the aid of Beogh against you.
Beogh smites you!
* * * LOW HITPOINT WARNING * * *
Casting: Spider Form (quite dangerous; 38% risk of failure)
Confirm with . or Enter, or press ? or * to list all spells.
You don't know that spell.
Casting: Spider Form (quite dangerous; 38% risk of failure)
Confirm with . or Enter, or press ? or * to list all spells.
The spell is quite dangerous to miscast (38% risk of failure)!
Continue anyway?
You turn into a venomous arachnid creature.
Your +0 robe melds into your body.
You barely miss the orc priest. The orc priest completely misses you.
You completely miss the orc priest. The orc priest closely misses you.
You hit the orc priest.
The orc priest is lightly wounded.
Your transformation is almost over.
The orc priest mumbles some strange prayers to Beogh against you.
Beogh smites you!
You die...

...#### ##..r.. #.
##..... .......#. ###...
.#....... # ....##
..o......#. ......
#......#.# ...#
#......#.# ...#
#.....w#.# # ...##
#o#.#.# . ....#
#s#.#P##.. ....# #..#.#P.
....# #...#.# .
#......##########...#....
....................#
...#.............#......
##..#.##..............#..
≈#................#####
.. ≈#.#..#...........####
.


You could see a worm and an orc priest.

Vanquished Creatures
  An orc priest (D:3)
  An orc wizard (D:3)
  3 adders
  6 orcs (D:3)
  8 endoplasms
  6 giant cockroaches
  4 goblins
  10 hobgoblins
  7 kobolds
  3 quokkas
  7 ball pythons
  6 bats
  4 frilled lizards
  7 rats
73 creatures vanquished.

Vanquished Creatures (others)
  2 fungi (D:3)
2 creatures vanquished.

Grand Total: 75 creatures vanquished

Notes
Turn   | Place    | Note
-------+----------+-------------------------------------------
     0 | D:1      | avis the Ogre Transmuter began the quest for the Orb.
     0 | D:1      | Reached XP level 1. HP: 19/19 MP: 3/3
   109 | D:1      | Reached skill level 3 in Unarmed Combat
   126 | D:1      | Reached XP level 2. HP: 19/28 MP: 3/5
   894 | D:1      | Reached XP level 3. HP: 35/35 MP: 3/7
  1529 | D:1      | Learned a level 3 spell: Spider Form
  1953 | D:2      | Reached XP level 4. HP: 42/42 MP: 6/8
  2232 | D:2      | Reached skill level 4 in Unarmed Combat
  2791 | D:3      | Found a white marble altar of Elyvilon.
  2797 | D:3      | Identified the ring "Seimeol" {rCorr EV+4 Stlth+}
  2831 | D:3      | Reached XP level 5. HP: 53/53 MP: 7/9
  2951 | D:3      | Killed from afar by an orc priest

Illustrated notes

Levels and vault maps discovered:
D:1:      dpeg_arrival_court, layout_loops_corners
D:2:      layout_rooms, grunt_decor_one_mirror
D:3:      layout_rooms, nicolae_elyvilon_peaceful_grove,
          shapermc_ecumenical_altar_rom_forum

Skill      XL: |  1  2  3  4 |
---------------+-------------+-----
Unarmed Combat | 3 4 |  4.6
Fighting       | 2 3 |  3.0
Transmutations | 2 |  2.0
Spellcasting   | 3 |  3.0
Dodging        | 2 |  2.0

Action                   |  1- 3 |  4- 6 || total
-------------------------+-------+-------++-------
Melee: Unarmed           |    91 |   101 ||   192
       Headbutt          |    16 |     7 ||    23
       Kick              |    26 |    22 ||    48
       Punch             |     6 |     5 ||    11
 Cast: Beastly Appendage |    28 |    22 ||    50
       Spider Form       |       |     2 ||     2
 Stab: Sleeping          |     3 |       ||     3
Armor: Robe              |    30 |    17 ||    47
Dodge: Dodged            |    20 |    44 ||    64

Table legend: (Time is in decaauts)
 A = Elapsed time spent in this place.
 B = Non-inter-level travel time spent in this place.
 C = Inter-level travel time spent in this place.
 D = Time resting spent in this place.
 E = Time spent auto-exploring this place.
 F = Levels seen in this place.
 G = Mean time per level.
                   A        B        C        D        E       F      G
               +--------+--------+--------+--------+--------+-----+--------+
         Total |   2941 |   2708 |    233 |    921 |   1141 |   3 |  980.3 |
       Dungeon |   2941 |   2708 |    233 |    921 |   1141 |   3 |  980.3 |
               +--------+--------+--------+--------+--------+-----+--------+

Top non-repeatable levels by time:
     D:1: 1836 daAuts
     D:2: 784 daAuts
     D:3: 320 daAuts
